[Event "Chinese Team-ch Men 2025"]
[Site "Zhang Jiakou Hebei"]
[Date "2025.05.01"]
[Round "7.24"]
[White "Pan, Xizhi"]
[Black "Gao, Kai"]
[Result "1/2-1/2"]
[Annotator "NA"]
[ECO "D02"]
[WhiteElo "1821"]
[BlackElo "1894"]
[PlyCount "47"]
[EventDate "2025.04.26"]
[EventType "team-tourn"]
[EventCountry "CHN"]
[SourceTitle "playchess.com"]
[Source "ChessBase"]
[SourceQuality "1"]
[TimeControl "5400+30"]

1. d4 d5 2. Nf3 Nf6 3. Bf4 e6 4. e3 c5 5. c3 Bd6 6. Bg3 Nc6 7. Nbd2 O-O 8. Bd3 h6 9. Qe2 Bxg3 10. hxg3 Qd6 11. Rh4 e5 12. dxe5 Nxe5 13. Nxe5 Qxe5 14. O-O-O Re8 15. g4 Qg5 16. Nf3 Bxg4 17. Rdh1 Bxf3 18. gxf3 d4 19. f4 Qd5 20. Bc4 Qe4 21. Bd3 Qd5 22. Bc4 Qe4 23. Bd3 Qd5 24. Bc4 1/2-1/2

[Event "Chinese Team-ch Men 2025"]
[Site "Zhang Jiakou Hebei"]
[Date "2025.05.01"]
[Round "7.25"]
[White "Yu, Shi"]
[Black "Gong, Changda"]
[Result "1/2-1/2"]
[Annotator "ChessBase"]
[ECO "B36"]
[WhiteElo "1973"]
[BlackElo "2131"]
[PlyCount "82"]
[EventDate "2025.04.26"]
[EventType "team-tourn"]
[EventCountry "CHN"]
[SourceTitle "playchess.com"]
[Source "ChessBase"]
[SourceQuality "1"]
[TimeControl "5400+30"]

1. e4 c5 2. Nf3 d6 3. d4 cxd4 4. Nxd4 Nf6 5. f3 Nc6 6. c4 Nxd4 7. Qxd4 g6 8. Nc3 Bg7 9. Be3 O-O 10. Qd2 Be6 11. Rc1 Qa5 12. Be2 Rfc8 13. b3 a6 14. O-O b5 15. Nb1 b4 16. a3 Rab8 17. Bd1 Nd7 18. Bc2 Nc5 19. a4 Qc7 20. Qe2 Rf8 21. Nd2 Rbe8 22. Kh1 Bc8 23. f4 f5 24. exf5 gxf5 25. Qh5 e6 26. Nf3 Bb7 27. Rcd1 d5 28. cxd5 Bxd5 29. Bg1 Nd7 30. Rc1 Qxf4 31. Ng5 Nf6 32. Rxf4 Nxh5 33. Rh4 h6 34. Nf3 Nf6 35. Rxb4 Rc8 36. Ne1 Nd7 37. Bd4 e5 38. Bb2 e4 39. Bxg7 Kxg7 40. Rd1 Nf6 41. Rbd4 Bc6 1/2-1/2

[Event "Chinese Team-ch Men 2025"]
[Site "Zhang Jiakou Hebei"]
[Date "2025.05.01"]
[Round "7.26"]
[White "Qu, Haoming"]
[Black "Liu, Huaqi"]
[Result "1-0"]
[Annotator "ChessBase"]
[ECO "B02"]
[WhiteElo "2066"]
[BlackElo "1816"]
[PlyCount "63"]
[EventDate "2025.04.26"]
[EventType "team-tourn"]
[EventCountry "CHN"]
[SourceTitle "playchess.com"]
[Source "ChessBase"]
[SourceQuality "1"]
[TimeControl "5400+30"]

1. e4 Nf6 2. Nc3 d5 3. e5 Nfd7 4. d4 c5 5. Nxd5 cxd4 6. e6 fxe6 7. Nf4 Nf6 8. Bb5+ Nc6 9. Qe2 Qd6 10. Nf3 g6 11. h4 Bh6 12. g3 a6 13. Bxc6+ bxc6 14. h5 Bxf4 15. Bxf4 Qb4+ 16. Kf1 Nxh5 17. Be5 O-O 18. Rxh5 gxh5 19. Nxd4 Rf7 20. Qxh5 Qc4+ 21. Kg1 c5 22. Rd1 Bd7 23. b3 Qd5 24. Nf5 Rxf5 25. Qg4+ Kf7 26. Qg7+ Ke8 27. Rxd5 exd5 28. Qxh7 Be6 29. g4 Rg5 30. f3 Rc8 31. Qh6 Rxe5 32. Qh8+ 1-0

[Event "Chinese Team-ch Men 2025"]
[Site "Zhang Jiakou Hebei"]
[Date "2025.05.01"]
[Round "7.27"]
[White "Liu, Junyi"]
[Black "Yu, Zhenghuan"]
[Result "0-1"]
[Annotator "NA"]
[ECO "B13"]
[WhiteElo "1714"]
[BlackElo "1757"]
[PlyCount "84"]
[EventDate "2025.04.26"]
[EventType "team-tourn"]
[EventCountry "CHN"]
[SourceTitle "playchess.com"]
[Source "ChessBase"]
[SourceQuality "1"]
[TimeControl "5400+30"]

1. e4 c6 2. d4 d5 3. exd5 cxd5 4. Nf3 Nc6 5. c3 Nf6 6. Bd3 Qc7 7. O-O Bg4 8. Re1 e6 9. h3 Bh5 10. g4 Bg6 11. Ne5 Nxe5 12. dxe5 Nd7 13. Bb5 a6 14. Qa4 Rc8 15. Bf1 Bc5 16. b4 Be7 17. b5 O-O 18. Qf4 Nc5 19. Be3 axb5 20. Qd4 Nd7 21. f4 Bxb1 22. Raxb1 Qxc3 23. Bxb5 Qxd4 24. Bxd4 Bc5 25. Bxd7 Bxd4+ 26. Kf1 Rc7 27. Ba4 Rfc8 28. Kg2 Bc3 29. Rf1 g5 30. f5 Re7 31. fxe6 fxe6 32. Rb6 Bd4 33. Rd6 Rf8 34. Re1 Rf2+ 35. Kh1 Rxa2 36. Bd7 Ra6 37. Bc8 Rc6 38. Rd8+ Kg7 39. Rb1 Bxe5 40. Bxb7 Rc2 41. Rb3 Rf7 42. Ba6 Rff2 0-1

[Event "Chinese Team-ch Men 2025"]
[Site "Zhang Jiakou Hebei"]
[Date "2025.05.01"]
[Round "7.28"]
[White "Wu, Kaige"]
[Black "Fang, Zelong"]
[Result "1/2-1/2"]
[Annotator "NA"]
[ECO "B20"]
[WhiteElo "1753"]
[BlackElo "1633"]
[PlyCount "107"]
[EventDate "2025.04.26"]
[EventType "team-tourn"]
[EventCountry "CHN"]
[SourceTitle "playchess.com"]
[Source "ChessBase"]
[SourceQuality "1"]
[TimeControl "5400+30"]

1. e4 c5 2. g3 Nc6 3. Bg2 g6 4. Ne2 Bg7 5. O-O d6 6. c3 e5 7. Na3 Nge7 8. Nc2 O-O 9. d4 cxd4 10. cxd4 exd4 11. Nexd4 d5 12. Nxc6 bxc6 13. Bg5 h6 14. Bxe7 Qxe7 15. exd5 cxd5 16. Bxd5 Rb8 17. Re1 Qc5 18. Ne3 Rxb2 19. Rc1 Qd4 20. Qf3 Be6 21. a3 Rd2 22. Rcd1 Rxd1 23. Rxd1 Qa4 24. Bxe6 fxe6 25. Qg4 Qxg4 26. Nxg4 Rb8 27. Rd7 a5 28. Ra7 Rb5 29. Kg2 h5 30. Ne3 Rc5 31. Kf3 Kh7 32. Ra6 Bb2 33. a4 e5 34. Ke4 Bd4 35. h4 Bxe3 36. fxe3 Rc4+ 37. Kxe5 Rxa4 38. Ra7+ Kh6 39. e4 Ra3 40. Kf4 Ra4 41. Ra6 Kh7 42. Re6 Kh6 43. Re7 Rb4 44. Ra7 a4 45. Ke5 Rb3 46. Kf4 Rb4 47. Ra6 Kh7 48. Ke5 Rb3 49. Kf4 Rb4 50. Re6 Kh6 51. Re7 Rc4 52. Ra7 Rb4 53. Ke5 Rb3 54. Kf4 1/2-1/2

[Event "Chinese Team-ch Men 2025"]
[Site "Zhang Jiakou Hebei"]
[Date "2025.05.01"]
[Round "7.29"]
[White "Ma, Lin"]
[Black "Wan, Yunguo"]
[Result "0-1"]
[Annotator "ChessBase"]
[ECO "E52"]
[WhiteElo "2221"]
[BlackElo "2500"]
[PlyCount "166"]
[EventDate "2025.04.26"]
[EventType "team-tourn"]
[EventCountry "CHN"]
[SourceTitle "playchess.com"]
[Source "ChessBase"]
[SourceQuality "1"]
[TimeControl "5400+30"]

1. d4 Nf6 2. c4 e6 3. Nc3 Bb4 4. Bd2 O-O 5. e3 d5 6. Nf3 b6 7. cxd5 exd5 8. Bd3 Bd6 9. O-O Bb7 10. Rc1 c5 11. Ne5 Nc6 12. Ng4 Ne4 13. Nxe4 dxe4 14. Bxe4 f5 15. dxc5 fxe4 16. cxd6 h5 17. Qb3+ Kh8 18. Qb5 hxg4 19. Rxc6 Bxc6 20. Qxc6 Qe8 21. d7 Qe7 22. a3 Rfd8 23. Bc3 Qxd7 24. Qxe4 Rf8 25. Qg6 Kg8 26. f4 gxf3 27. gxf3 Rae8 28. Bd4 Re6 29. Qg4 Qf7 30. Kh1 Rg6 31. Qe4 Re8 32. Qc2 Rg5 33. Qf2 Rc8 34. Bc3 Qd5 35. Rg1 Rxg1+ 36. Kxg1 Rc6 37. Qg3 Qd1+ 38. Kf2 Qc2+ 39. Kf1 Rg6 40. Qh3 Qd1+ 41. Kf2 Qg1+ 42. Ke2 Rg2+ 43. Kd3 Qf1+ 44. Ke4 Qc4+ 45. Bd4 Qc2+ 46. Kf4 Qc7+ 47. Ke4 Rxh2 48. Qe6+ Qf7 49. Qxf7+ Kxf7 50. f4 Rh5 51. Be5 g5 52. fxg5 Rxg5 53. Bb8 a6 54. Bc7 Rb5 55. Be5 Ke6 56. Bd4 Kd6 57. Kd3 Kc6 58. Kc4 Rh5 59. a4 Rh1 60. Kb4 Rc1 61. Ka3 b5 62. axb5+ Kxb5 63. Ka2 Kc4 64. Bf6 Rf1 65. Be5 Rf5 66. Bc3 Rd5 67. Ka3 Rd3 68. e4 Rd1 69. Ka2 Rf1 70. Bg7 Rf7 71. Bh8 Rb7 72. e5 Rb4 73. Ka3 Rb5 74. Ka2 Ra5+ 75. Kb1 Kb3 76. Bf6 Rc5 77. Bg7 Rc2 78. Bf6 a5 79. e6 Rf2 80. Bg5 Rf1+ 81. Bc1 Re1 82. e7 Rxe7 83. Bd2 Rd7 0-1

[Event "Chinese Team-ch Men 2025"]
[Site "Zhang Jiakou Hebei"]
[Date "2025.05.01"]
[Round "7.30"]
[White "Zhang, Ziji"]
[Black "Sun, Chao"]
[Result "1-0"]
[Annotator "ChessBase"]
[ECO "E59"]
[WhiteElo "2371"]
[BlackElo "2211"]
[PlyCount "75"]
[EventDate "2025.04.26"]
[EventType "team-tourn"]
[EventCountry "CHN"]
[SourceTitle "playchess.com"]
[Source "ChessBase"]
[SourceQuality "1"]
[TimeControl "5400+30"]

1. d4 Nf6 2. c4 e6 3. Nf3 d5 4. Nc3 Bb4 5. e3 O-O 6. Bd3 dxc4 7. Bxc4 c5 8. O-O Nc6 9. a3 Bxc3 10. bxc3 Qc7 11. Be2 Rd8 12. c4 b6 13. Bb2 Bb7 14. Qc2 cxd4 15. exd4 Ne7 16. Ne5 Nc6 17. Nf3 Ne7 18. Ne5 Nc6 19. Nxc6 Qxc6 20. Bf3 Qc7 21. Bxb7 Qxb7 22. Qb3 b5 23. d5 exd5 24. Bxf6 gxf6 25. cxb5 d4 26. Rfd1 Kh8 27. a4 Rd6 28. Rac1 Rg8 29. g3 a6 30. Rc5 Rg5 31. Rxg5 fxg5 32. Qb4 Qd5 33. bxa6 Kg7 34. a7 Ra6 35. Rxd4 Qe5 36. Rd7 Qa1+ 37. Kg2 Rxa4 38. Qb3 1-0